 Dungeon Crawl Stone Soup version 0.18-a0-1211-g828307d (webtiles) character file.

3790 Lathuz the Basher (level 9, -16/89 HPs)
             Began as a Minotaur Fighter on Feb 2, 2016.
             Was an Elder of Okawaru.
             Demolished by Gagarin's ghost (17 damage)
             ... on level 8 of the Dungeon.
             The game lasted 00:14:27 (7290 turns).

Lathuz the Basher (Minotaur Fighter)                Turns: 7290, Time: 00:14:28

Health: -16/89     AC: 18    Str: 21    XL:     9   Next: 95%
Magic:  8/8        EV:  5    Int:  5    God:    Okawaru [****..]
Gold:   515        SH:  9    Dex: 13    Spells: 0 memorised, 8 levels left

rFire  . . .     SeeInvis +     E - +2 flail (protect)
rCold  . . .     Gourm    .     x - +0 chain mail
rNeg   . . .     Faith    .     c - +0 shield
rPois  .         Spirit   .     l - +1 hat
rElec  .         Dismiss  .     H - +2 cloak
rCorr  .         Reflect  .     (no gloves)
SustAt .         Harm     .     (no boots)
MR     +....                    (no amulet)
Stlth  ..........               y - ring of see invisible
                                F - ring of protection from magic

@: somewhat resistant to hostile enchantments, extremely unstealthy
A: retaliatory headbutt, horns 2
a: Heroism, Renounce Religion


You were on level 8 of the Dungeon.
You worshipped Okawaru.
Okawaru was greatly pleased with you.
You were not hungry.

You visited 1 branch of the dungeon, and saw 9 of its levels.

You collected 515 gold pieces.

Inventory:

Hand Weapons
 a - a +0 flail
 E - a +2 flail of protection (weapon)
Missiles
 o - 400 stones (quivered)
 N - 3 silver javelins
Armour
 c - a +0 shield (worn)
 l - a +1 hat (worn)
 x - a +0 chain mail (worn)
 H - a +2 cloak (worn)
Jewellery
 t - an uncursed ring of magical power
 y - a ring of see invisible (right hand)
 F - a ring of protection from magic (left hand)
 J - an uncursed amulet of faith
Wands
 q - a wand of random effects (24/48)
 B - a wand of lightning (8/15)
 G - a wand of iceblast (7/15)
 L - a wand of random effects (22/48)
Scrolls
 i - 4 scrolls of identify
 j - a scroll of fog {unknown}
 m - 3 scrolls of teleportation
 n - 3 scrolls of remove curse {unknown}
 r - 2 scrolls of magic mapping {unknown}
 s - 2 scrolls of random uselessness {unknown}
 u - a scroll of amnesia {unknown}
 w - 6 scrolls of enchant weapon {unknown}
 C - a scroll of recharging {unknown}
 D - 2 scrolls of noise {unknown}
 M - a scroll of immolation {unknown}
 P - a scroll of blinking {unknown}
Potions
 b - a potion of flight {unknown}
 d - 4 potions of might
 e - 5 potions of curing {unknown}
 h - a potion of resistance {unknown}
 k - a potion of agility {unknown}
 p - 4 potions of poison {unknown}
 z - a potion of heal wounds {unknown}
 A - a potion of mutation {unknown}
 O - a potion of magic {unknown}
Comestibles
 f - 8 bread rations
 g - 4 slices of pizza
 v - 4 meat rations
 I - 6 beef jerkies
 K - 3 fruits
 Q - 6 chunks of flesh


   Skills:
 + Level 11.3 Fighting
 - Level 13.0 Maces & Flails
 - Level 3.6 Armour
 - Level 3.6 Shields


You had 8 spell levels left.
You didn't know any spells.

Dungeon Overview and Level Annotations

Branches:
Dungeon (9/15)             Temple (0/1) D:4
   Lair: D:8-11         Orc: D:9-12

Altars:
Cheibriados
Dithmenos
Elyvilon
Fedhas
Gozag
Kikubaaqudgha
Makhleb
Nemelex Xobeh
Okawaru
Qazlal
Ru
Trog
Vehumet
Xom
Yredelemnul
Zin

Shops:
D:3 *   D:5 }

Annotations:
D:2 1 runed door, Sigmund
D:8 Gagarin's ghost, novice TrBe


Innate Abilities, Weirdness & Mutations

You reflexively headbutt those who attack you in melee.
You have a pair of horns on your head.


Message History

Gagarin's ghost is lightly damaged.
The ogre hits you but does no damage.
You closely miss Gagarin's ghost.
Gagarin's ghost is lightly damaged.
Gagarin's ghost hits you!
You sock Gagarin's ghost! Your headbutt misses Gagarin's ghost.
Gagarin's ghost is moderately damaged.
Gagarin's ghost hits you!!
* * * LOW HITPOINT WARNING * * *
The ogre completely misses you.
You sock Gagarin's ghost!
Gagarin's ghost is heavily damaged.
Gagarin's ghost hits you!
* * * LOW HITPOINT WARNING * * *
You hit Gagarin's ghost but do no damage.
Gagarin's ghost is heavily damaged.
The ogre hits you with a giant spiked club.
* * * LOW HITPOINT WARNING * * *
Gagarin's ghost hits you!
You die...

##..## #. #...## #.
########.#..# #.
#........##.# #.
######........##.### #.
..................#####.
##.##.......####.....###
###...÷.WO.#### ##.##.###
.##.....###@..### #.##....
.........♣###...#####.#####.
.######♣..♣♣###.#.......####
#♣...♣♣#...#####..# #
#♣WO.♣##..# ##.# #
♣....♣#..# #.# # ♣....♣##.#
#.# ♣W....♣#.# #.#
♣.....♣#.# #.#


You could see an ogre and Gagarin's ghost.

Vanquished Creatures
  A deep elf mage (D:8)
  A gargoyle (D:7)
  Prince Ribbit (D:5)
  Edmund (D:6)
  An ice beast (D:6)
  2 orc warriors (D:8)
  2 black bears (D:8)
  2 sky beasts
  4 ogres
  4 centaurs
  2 big kobolds
  4 giant frogs
  A water moccasin zombie (D:5)
  2 scorpions (D:4)
  A wyvern skeleton (D:6)
  A water moccasin skeleton (D:5)
  3 crimson imps
  2 hounds (D:4)
  A jelly (D:5)
  6 orc priests (D:8)
  4 orc wizards
  A centaur skeleton (D:8)
  A giant frog skeleton (D:7)
  2 iguanas
  4 worker ants
  A hound zombie (D:7)
  Robin (D:2)
  A worker ant zombie (D:7)
  8 adders
  A shadow imp (D:6)
  An ooze (D:3)
  2 adder skeletons
  2 adder zombies
  2 worms (D:2)
  5 giant geckos
  17 orcs
  2 bats (D:3)
  5 giant cockroaches
  10 goblins
  6 hobgoblins (D:2)
  7 jackals
  2 quokkas
  A giant gecko skeleton (D:4)
  A giant gecko zombie (D:5)
  8 giant newts
  14 kobolds
  A kobold skeleton (D:2)
  A quokka zombie (D:5)
  9 rats
162 creatures vanquished.

Notes
Turn   | Place    | Note
--------------------------------------------------------------
     0 | D:1      | Lathuz the Minotaur Fighter began the quest for the Orb.
     0 | D:1      | Reached XP level 1. HP: 19/19 MP: 0/0
   147 | D:1      | Reached XP level 2. HP: 24/26 MP: 1/1
   401 | D:1      | Reached skill level 4 in Maces & Flails
   641 | D:2      | Found a runed door.
   642 | D:2      | Noticed a human
   645 | D:2      | Found a basalt altar of Yredelemnul.
   684 | D:2      | Reached XP level 3. HP: 28/31 MP: 2/2
   750 | D:2      | Noticed Robin
   761 | D:2      | Killed Robin
   956 | D:2      | Found a burning altar of Makhleb.
   963 | D:2      | Reached skill level 5 in Maces & Flails
   963 | D:2      | Reached XP level 4. HP: 36/39 MP: 3/3
  1177 | D:2      | Noticed Sigmund
  1530 | D:3      | Reached skill level 6 in Maces & Flails
  1791 | D:3      | Reached XP level 5. HP: 43/45 MP: 4/4
  2088 | D:3      | Found Gozag's Platinum Reserve.
  2090 | D:3      | Found an opulent altar of Gozag.
  2329 | D:3      | Found a shimmering altar of Xom.
  2333 | D:3      | Found a glowing silver altar of Zin.
  2334 | D:3      | Found a sacrificial altar of Ru.
  2334 | D:3      | Found an iron altar of Okawaru.
  2334 | D:3      | Found a sparkling altar of Nemelex Xobeh.
  2342 | D:3      | Became a worshipper of Warmaster Okawaru
  2494 | D:4      | Noticed an ogre
  2498 | D:4      | Reached skill level 7 in Maces & Flails
  2504 | D:4      | Killed an ogre
  2504 | D:4      | Reached XP level 6. HP: 14/51 MP: 5/5
  2687 | D:4      | Reached * piety under Okawaru
  2687 | D:4      | Reached skill level 8 in Maces & Flails
  2930 | D:4      | Found a blossoming altar of Fedhas.
  3091 | D:4      | Found a staircase to the Ecumenical Temple.
  3182 | D:5      | Entered Level 5 of the Dungeon
  3215 | D:5      | Found Cokileppo's Gadget Shoppe.
  3271 | D:5      | Found a sacrificial altar of Ru.
  3276 | D:5      | Reached skill level 9 in Maces & Flails
  3276 | D:5      | Reached XP level 7. HP: 54/57 MP: 6/6
  3400 | D:5      | Reached skill level 10 in Maces & Flails
  3864 | D:5      | Found a shadowy altar of Dithmenos.
  3865 | D:5      | Noticed Prince Ribbit
  4074 | D:5      | Killed Prince Ribbit
  4074 | D:5      | Reached ** piety under Okawaru
  4074 | D:5      | Reached skill level 11 in Maces & Flails
  4074 | D:5      | Reached XP level 8. HP: 59/64 MP: 4/7
  4480 | D:6      | Found a stormy altar of Qazlal.
  4481 | D:6      | Noticed Edmund
  4498 | D:6      | Killed Edmund
  4498 | D:6      | Reached skill level 12 in Maces & Flails
  4594 | D:6      | Found a radiant altar of Vehumet.
  5206 | D:7      | Reached skill level 13 in Maces & Flails
  5342 | D:7      | Reached *** piety under Okawaru
  5350 | D:7      | Found a snail-covered altar of Cheibriados.
  5363 | D:7      | Reached skill level 5 in Fighting
  5646 | D:7      | Reached XP level 9. HP: 72/75 MP: 8/8
  5924 | D:7      | Noticed a gargoyle
  5931 | D:7      | Killed a gargoyle
  6407 | D:8      | Reached **** piety under Okawaru
  6415 | D:8      | Reached skill level 10 in Fighting
  6616 | D:8      | Noticed a deep elf mage
  6625 | D:8      | Killed a deep elf mage
  6625 | D:8      | Received a gift from Okawaru
  7032 | D:8      | Found a bloodstained altar of Trog.
  7032 | D:8      | Found an ancient bone altar of Kikubaaqudgha.
  7263 | D:8      | Found a white marble altar of Elyvilon.
  7264 | D:8      | Noticed Gagarin's ghost (novice TrBe)
  7290 | D:8      | HP: 1/89 [ogre/giant spiked club (4)]
  7290 | D:8      | Demolished by Gagarin's ghost

Vault maps used:
D:1:      dpeg_arrival_houses_and_road
D:2:      makhleb_grotto_becter, first_bread, dk_yredelemnul_ordeal,
          uniq_sigmund, uniq_robin
D:3:      nicolae_gozag_zags_fifth_avenue, minitemple
D:4:      minmay_temple_entry_fiery, fedhas_altar_4
D:5:      overflow_temple_1_default, basic_altar, serial_shops, shop,
          kennysheep_generic_room_5, uniq_prince_ribbit1
D:6:      marbit_many_paths, basic_altar, serial_corexii_hall,
          corexii_hall_statues_t, corexii_hall_statues_s, uniq_edmund
D:7:      cheibriados_altar_1, grunt_ogre_cave, hangedman_abyss_or_decor_passed,
          minmay_small_thing
D:8:      kennysheep_ying_yang, gammafunk_temple_overflow_pools,
          guppyfry_early_elven_hall
D:9:      lair_0_dummy, serial_shops, shop_statue, uniq_erolcha, uniq_psyche,
          uniq_grum, uniq_erica

Action                   |  1- 3 |  4- 6 |  7- 9 || total
-------------------------+-------+-------+-------++-------
Melee: Flail             |    99 |   119 |   312 ||   530
Invok: Heroism           |       |       |     6 ||     6
  Use: Scroll            |       |     2 |     3 ||     5
  Eat: Bread ration      |       |     1 |     1 ||     2
       Chunk             |       |     3 |     9 ||    12
